 Dungeon Crawl Stone Soup version 0.27-a0-1301-g128193abf8 (webtiles) character file.

Game seed: 13023643059700028646

59 lessens the Cudgeller (level 4, 0/41 HPs)
             Began as an Ogre Wanderer on June 18, 2021.
             Slain by a bullfrog (4 damage)
             ... on level 3 of the Dungeon.
             The game lasted 00:02:16 (2522 turns).

lessens the Cudgeller (Ogre Wanderer)               Turns: 2522, Time: 00:02:17

Health: 0/41       AC:  3    Str: 15    XL:     4   Next: 3%
Magic:  7/7        EV:  9    Int: 14    God:
Gold:   55         SH:  0    Dex:  9    Spells: 7/7 levels left

rFire    . . .     SeeInvis .   a - +2 falchion
rCold    + . .     Faith    .   (no shield)
rNeg     . . .     Spirit   .   b - +0 robe
rPois    .         Reflect  .   (helmet restricted)
rElec    .         Harm     .   (no cloak)
rCorr    .         Rampage  .   (gloves unavailable)
Will     .....                  (boots unavailable)
Stlth    +.........             (no amulet)
HPRegen  0.13/turn              i - ring of protection from cold
MPRegen  0.10/turn              (no ring)

@: no status effects
A: large, unfitting armour, tough skin 1
a: no special abilities


You were on level 3 of the Dungeon.
You visited 1 branch of the dungeon, and saw 3 of its levels.

You collected 55 gold pieces.

Inventory:

Hand Weapons
 a - a +2 falchion (weapon)
 d - a +0 whip
Missiles
 c - 28 stones (quivered)
 e - 8 javelins
Armour
 b - a +0 robe (worn)
Jewellery
 h - an amulet of magic regeneration
 i - a ring of protection from cold (left hand)
 j - an amulet of faith
Scrolls
 f - a scroll of fear {unknown}
 g - 2 scrolls of identify {unknown}
 l - a scroll of noise {unknown}
Potions
 k - a potion of curing {unknown}


   Skills:
 - Level 1.3 Fighting
 - Level 1.0 Long Blades
 + Level 2.9 Maces & Flails
 - Level 1.4 Dodging
 - Level 1.0 Stealth
 - Level 2.4 Spellcasting
 - Level 2.6 Poison Magic
 - Level 1.0 Evocations


You had 7 spell levels left.
You didn't know any spells.
Your spell library contained the following spells:

 Spells                   Type           Power      Damage    Failure   Level
 Animate Skeleton         Necr           2%         N/A       22%         1
 Apportation              Tloc           2%         N/A       22%         1
 Corona                   Hex            1%         N/A       22%         1
 Foxfire                  Conj/Fire      4%         2x1d4     22%         1
 Magic Dart               Conj           4%         1d3       22%         1
 Summon Small Mammal      Summ           4%         N/A       22%         1
 Dazzling Flash           Conj/Hex       2%         N/A       56%         3
 Inner Flame              Hex/Fire       1%         N/A       56%         3


Dungeon Overview and Level Annotations

Branches:
Dungeon (3/15)

Altars:
Fedhas
Hepliaklqana
Yredelemnul


Innate Abilities, Weirdness & Mutations

You are too large for most types of armour.
You have tough skin. (AC +1)


Message History

The bullfrog hits you but does no damage.
You closely miss the bullfrog.
The bullfrog is moderately wounded.
The bullfrog closely misses you.
You riposte.
You closely miss the bullfrog.
The bullfrog is moderately wounded.
The goblin hits you with a +0 club.
The bullfrog hits you but does no damage.
You barely miss the bullfrog.
The bullfrog is moderately wounded.
The bullfrog barely misses you.
The bullfrog hits you but does no damage.
You closely miss the bullfrog.
The bullfrog is moderately wounded.
The bullfrog barely misses you.
A worm comes into view.
The bullfrog hits you.
You hit the bullfrog.
The bullfrog is moderately wounded.
The bullfrog misses you.
You closely miss the bullfrog.
The bullfrog is moderately wounded.
The bullfrog snags a nearby fly with its tongue.
The bullfrog hits you. The bullfrog barely misses you.
You barely miss the bullfrog.
The bullfrog is moderately wounded.
The bullfrog barely misses you. The bullfrog misses you.
You miss the bullfrog.
The bullfrog is moderately wounded.
The bullfrog hits you. The bullfrog misses you.
You closely miss the bullfrog.
The bullfrog is moderately wounded.
The bullfrog hits you.
* * * LOW HITPOINT WARNING * * *
The bullfrog hits you but does no damage.
You hit the bullfrog.
The bullfrog is moderately wounded.
The bullfrog hits you.
* * * LOW HITPOINT WARNING * * *
The bullfrog hits you.
You die...

....§≈## ###...§≈#≈
.....§≈≈ #...≈≈#
....≈# #...#
#$.######..#
.....wgF@..######
.#
.....(.###....#.###
#.# .$.....
#...#.#...# #.#
....... #.###...#.#
#.#
..........#.....#.#
##.#
###########.#####.#
#... ### #.## #...
#.#####..# #...
#.....##.# #...


You could see a bullfrog, a worm and a goblin.

Vanquished Creatures
  2 adders (D:2)
  A dart slug (D:1)
  A bat (D:3)
  5 endoplasms
  2 giant cockroaches (D:1)
  3 goblins
  2 hobgoblins
  2 jackals (D:3)
  6 kobolds
  3 quokkas
  2 ball pythons (D:3)
  4 rats
  A spectral goblin (D:3)
34 creatures vanquished.

Notes
Turn   | Place    | Note
-------+----------+-------------------------------------------
     0 | D:1      | lessens the Ogre Wanderer began the quest for the Orb.
     0 | D:1      | lessens set off with the following items: a +2 falchion, a
                  | +0 robe; and the following spells available to memorise:
                  | Foxfire, Magic Dart, Dazzling Flash, Inner Flame
     0 | D:1      | Reached XP level 1. HP: 19/19 MP: 3/3
   184 | D:1      | Found a faded altar of an unknown god.
   313 | D:1      | Reached skill level 1 in Maces & Flails
   313 | D:1      | Reached XP level 2. HP: 27/27 MP: 5/5
  1170 | D:2      | Reached XP level 3. HP: 22/33 MP: 6/6
  2220 | D:3      | Found a basalt altar of Yredelemnul.
  2221 | D:3      | Found a blossoming altar of Fedhas.
  2462 | D:3      | Found a hazy altar of Hepliaklqana.
  2466 | D:3      | Reached XP level 4. HP: 40/41 MP: 7/7
  2507 | D:3      | Noticed a bullfrog
  2522 | D:3      | Slain by a bullfrog

Illustrated notes

Levels and vault maps discovered:
D:1:      minmay_arrival_split_and_join, layout_loops_ring,
          shapermc_ecumenical_altar_mp_highgroup, chequers_serial_rivers_micro_a
D:2:      layout_rooms, serial_rivers, chequers_serial_rivers_small_3,
          chequers_serial_rivers_room_a, chequers_serial_rivers_micro_e,
          chequers_serial_rivers_micro_c, chequers_serial_rivers_micro_b,
          st_stairs_10, grunt_decor_junction, hangedman_decor_diamond_cutter,
          minmay_curled_crystal
D:3:      layout_rooms, nicolae_hepliaklqana_monster_ancestors,
          chequers_temple_overflow_statue_of_worship, lemuel_another_geyser,
          uniq_crazy_yiuf_cottage

Skill      XL: |  1  2 |
---------------+-------+-----
Maces & Flails | 1 2 |  2.9
Fighting       | |  1.3
Long Blades    | |  1.0
Dodging        | |  1.4
Stealth        | |  1.0
Spellcasting   | |  2.4
Poison Magic   | |  2.6
Evocations     | |  1.0

Action                   |  1- 3 |  4- 6 || total
-------------------------+-------+-------++-------
Melee: Falchion          |    89 |    16 ||   105
 Stab: Sleeping          |     2 |       ||     2
Armor: Robe              |    26 |     4 ||    30
Dodge: Dodged            |    36 |    14 ||    50
       Rpst.: Falchion   |     8 |     1 ||     9

Table legend: (Time is in decaauts)
 A = Elapsed time spent in this place.
 B = Non-inter-level travel time spent in this place.
 C = Inter-level travel time spent in this place.
 D = Time resting spent in this place.
 E = Time spent auto-exploring this place.
 F = Levels seen in this place.
 G = Mean time per level.
                   A        B        C        D        E       F      G
               +--------+--------+--------+--------+--------+-----+--------+
         Total |   2553 |   2444 |    109 |      0 |   2183 |   3 |  851.0 |
       Dungeon |   2553 |   2444 |    109 |      0 |   2183 |   3 |  851.0 |
               +--------+--------+--------+--------+--------+-----+--------+

Top non-repeatable levels by time:
     D:1: 1267 daAuts
     D:2: 902 daAuts
     D:3: 384 daAuts
